cohdb
Replays
Latest Replays
All Replays
Popular Replays
Top Player Replays
Match Explorer
How It Works
Community
CoH3 Stats
Reddit
Sign in to upload your games and track your stats! →
Sign in with Steam
Match 44022785
Unlisted
Match 44022785
Overview
Messages
Build Orders
End
Kettenkrad Recon Vehicle
Construct Infanterie Kompanie
Selects Terror Battlegroup
MG 42 Machine Gun Team
MG 42 Machine Gun Team
Construct Luftwaffe Kompanie
Jäger Squad
Selects Contempt for the Weak
Jäger Squad
Selects Heavy Gunnery
Jäger Squad
Jäger Squad
Construct Panzer Kompanie
Medical Station
Panzer IV Medium Tank
Selects Jericho Trumpet
Jericho Trumpet
Jericho Trumpet
Panzer IV Medium Tank
Pioneer Squad
Side Skirts
Selects V1 Rocket Strike
Jericho Trumpet
Panzer IV Medium Tank
V1 Rocket Strike
Selects Defend the Fatherland
V50DOO
Ares
Douzer
PanzerFoster
Lord Admiral Pickwick
Kellock93
SneaKerz
gb_gbg
0
0
Comments
sign in to comment!
No comments posted yet!